 Dungeon Crawl Stone Soup version 0.31-a0-728-g01b46875f1 (webtiles) character file.

Game seed: 6758590395333651701

198 LeprechaunX the Changeling (level 5, 0/34 HPs)
             Began as an Octopode Shapeshifter on Sept 11, 2023.
             Slain by an ufetubus (3 damage)
             ... on level 4 of the Dungeon.
             The game lasted 00:02:53 (2722 turns).

LeprechaunX the Changeling (Octopode Shapeshifter)  Turns: 2722, Time: 00:02:54

Health: 0/34       AC:  5    Str: 16    XL:     5   Next: 76%
Magic:  5/5        EV:  9    Int: 12    God:
Gold:   145        SH: 11    Dex: 11    Spells: 4/4 levels left

rFire   . .          .
                       - Unarmed
rCold   . . .        e - +0 tower shield
rNeg    . . .        (helmet currently unavailable)
rPois   .            (no amulet)
rElec   .            f - +4 ring of protection
rCorr   .            (no ring)
SInv    .            (no ring)
Will    .....        (no ring)
Stlth   ++           (no ring)
HPRegen 0.25/turn    (no ring)
MPRegen 0.09/turn    (no ring)
                     (no ring)

%: no passive effects
@: beast-form
A: beast (slay +2), almost no armour, amphibious, 8 rings, camouflage 1,
gelatinous body 1, (nimble swimmer 1), tentacles
a: Begin Untransformation


You were on level 4 of the Dungeon.
You were a hulking beast.
You visited 1 branch of the dungeon, and saw 4 of its levels.

You collected 145 gold pieces.

Inventory:

Armour
 e - a +0 tower shield (worn)
Jewellery
 f - a +4 ring of protection (left tentacle)
Talismans
 b - a beast talisman (active)
 c - a flux talisman
Wands
 m - a wand of flame (13)
Scrolls
 d - a scroll of identify {unknown}
 j - a scroll of butterflies {unknown}
 k - a scroll of enchant weapon {unknown}
Potions
 a - a potion of lignification
 g - a potion of might {unknown}
 h - a potion of heal wounds {unknown}
 i - a potion of mutation {unknown}
 l - a potion of curing {unknown}


   Skills:
 + Level 2.2 Fighting
 + Level 2.9 Dodging
 * Level 2.2 Shields
 + Level 3.5 Unarmed Combat
 * Level 4.1 Shapeshifting


You had 4 spell levels left.
You didn't know any spells.
Your spell library contained the following spells:

 Spells                   Type           Power      Damage    Failure   Level
 Blink                    Tloc           0%         N/A       99%         2
 Lesser Beckoning         Tloc           0%         N/A       99%         2
 Momentum Strike          Conj/Tloc      0%         3d8       99%         2


Dungeon Overview and Level Annotations

Branches:
Dungeon (4/15)
 Temple: D:4-7

Altars:
Trog


Innate Abilities, Weirdness & Mutations

You are a hulking beast.
Your limbs bulge with bestial killing power. (Slay +2)
You cannot wear most types of armour.
You are amphibious.
You can wear up to eight rings at the same time.
Your skin changes colour to match your surroundings (Stealth+).
Your rubbery body absorbs attacks. (AC +1, EV +1)
((You are camouflaged when in or above water. (Stealth+)))
You have tentacles for arms and can constrict up to eight enemies at once.


Message History

A magic dart appears from out of thin air!
The magic dart hits you!
You're too confused to attack without stumbling around!
You're too confused to attack without stumbling around!
You're too confused to attack without stumbling around!
Unknown command.
You barely miss something. Something hits you but does no damage.
You hear some strange, mumbled words.
A puff of flame appears from out of thin air!
The puff of flame hits you but does no damage.
You bump into the rock wall.
The orc priest looks satisfied for a moment.
You hear some strange, mumbled words.
A puff of flame appears from out of thin air!
The puff of flame hits you.
You bump into the rock wall.
The orc priest casts a cantrip, but nothing happens.
You bump into the rock wall.
Something hits you. Something hits you but does no damage.
You bump into the rock wall.
You feel less confused. Something hits you.
You miss something. You squeeze something.
Reactivating autopickup.
You feel a bit more experienced.
You tentacle-slap the orc. You grab the orc. You tentacle-slap the orc.
You kill the orc!
You tentacle-slap the orc priest. Your grab misses the orc priest.
The orc priest is moderately wounded.
The orc priest mumbles some strange prayers to Beogh against you.
Beogh smites you!
* * * LOW HITPOINT WARNING * * *
You tentacle-slap the orc priest. You grab the orc priest.
You squeeze the orc priest!
The orc priest is almost dead.
You constrict the orc priest. The orc priest closely misses you.
You tentacle-slap the orc priest.
You kill the orc priest!
The ufetubus hits you.
You die...

.## .. ..# #.
#.#.. ##.#.
... #)# #.#.#
#5#.# #h#.#
#.#.# ####
#.#.# #..
#.#.# #.#
#.#.###.##
#...†...<#
#...###..#
............#
#####.###[..#


You could see an ufetubus.

Vanquished Creatures
  An orc priest (D:4)
  Ijyb (D:3)
  An orc wizard (D:4)
  5 adders
  A shadow imp (D:3)
  3 worms (D:2)
  2 dart slugs
  8 orcs
  6 endoplasms
  3 giant cockroaches
  7 hobgoblins
  4 quokkas
  11 ball pythons
  7 bats
  3 frilled lizards
  4 goblins
  8 kobolds
  2 rats
77 creatures vanquished.

Notes
Turn   | Place    | Note
-------+----------+-------------------------------------------
     0 | D:1      | LeprechaunX the Octopode Shapeshifter began the quest for
                  | the Orb.
     0 | D:1      | Reached XP level 1. HP: 13/13 MP: 1/1
    71 | D:1      | Reached XP level 2. HP: 7/18 MP: 2/2
   609 | D:1      | Reached XP level 3. HP: 23/23 MP: 3/3
   691 | D:2      | Found a bloodstained altar of Trog.
   878 | D:2      | Reached skill level 1 in Shields
   888 | D:2      | Reached XP level 4. HP: 23/28 MP: 4/4
  1560 | D:3      | Found a faded altar of an unknown god.
  1973 | D:3      | Noticed Ijyb
  1982 | D:3      | Killed Ijyb
  1983 | D:3      | Reached XP level 5. HP: 16/34 MP: 5/5
  2238 | D:3      | Reached skill level 4 in Shapeshifting
  2722 | D:4      | Slain by an ufetubus

Illustrated notes

Levels and vault maps discovered:
D:1:      psy_arrival_statuary, layout_loops_ring
D:2:      layout_loops_cross, basic_altar, minmay_misc_feat_four_crosses
D:3:      layout_loops_corners, hellmonk_ecumenical_altar_run_dry,
          nicolae_concentric_dashed_squares_mild, saegor_snake_ambush, uniq_ijyb
D:4:      layout_loops_ring, nicolae_ossuary_entry_plus, uniq_menkaure,
          uniq_duvessa, uniq_natasha

Skill      XL: |  1  2  3  4  5 |
---------------+----------------+-----
Shields        | 1 2 |  2.2
Fighting       | 2 |  2.2
Shapeshifting  | 4 |  4.1
Dodging        | |  2.9
Unarmed Combat | |  3.5

Action                     |  1- 3 |  4- 6 || total
---------------------------+-------+-------++-------
  Melee: Unarmed           |    58 |    92 ||   150
         Constrict         |    15 |    22 ||    37
         Tentacles         |    10 |    14 ||    24
         Punch             |       |     2 ||     2
   Stab: Sleeping          |     2 |     9 ||    11
         Distracted        |     1 |       ||     1
 Armour: Skin              |    13 |    37 ||    50
  Dodge: Dodged            |    25 |    22 ||    47
  Block: Tower shield      |    23 |    41 ||    64

Table legend: (Time is in decaauts)
 A = Elapsed time spent in this place.
 B = Non-inter-level travel time spent in this place.
 C = Inter-level travel time spent in this place.
 D = Time resting spent in this place.
 E = Time spent auto-exploring this place.
 F = Levels seen in this place.
 G = Mean time per level.
                   A        B        C        D        E       F      G
               +--------+--------+--------+--------+--------+-----+--------+
         Total |   2767 |   2634 |    133 |      0 |   2158 |   4 |  691.8 |
       Dungeon |   2767 |   2634 |    133 |      0 |   2158 |   4 |  691.8 |
               +--------+--------+--------+--------+--------+-----+--------+

Top non-repeatable levels by time:
     D:3: 1236 daAuts
     D:2: 787 daAuts
     D:1: 696 daAuts
     D:4: 47 daAuts
